 Dungeon Crawl Stone Soup version 0.29-a0-553-g81b289dbe5 (webtiles) character file.

Game seed: 11258736446072457191

74 tilp the Grave Robber (level 4, -6/33 HPs)
             Began as a Mummy Necromancer on June 6, 2022.
             Mangled by an iguana (13 damage)
             ... on level 4 of the Dungeon.
             The game lasted 00:04:43 (3542 turns).

tilp the Grave Robber (Mummy Necromancer)           Turns: 3542, Time: 00:04:44

Health: -6/33      AC:  3    Str: 11    XL:     4   Next: 9%
Magic:  4/8        EV: 12    Int: 19    God:
Gold:   127        SH:  0    Dex: 12    Spells: 5/9 levels left

rFire   x . .      SeeInvis .   a - +8 Vampire's Tooth {vamp}
rCold   + . .      Faith    .   (no shield)
rNeg    + + +      Spirit   .   d - +0 robe
rPois   ∞          Reflect  .   j - +0 hat {Int+3}
rElec   .          Harm     .   (no cloak)
rCorr   .          Rampage  .   f - +0 pair of gloves
Will    .....                   (no boots)
Stlth   ++........              (no amulet)
HPRegen 0.11/turn               (no ring)
MPRegen 0.11/turn               (no ring)

@: no status effects
A: cold resistance 1, negative energy resistance 3, torment resistance 2, heat
vulnerability 1, in touch with death 1, no potions
a: no special abilities


You were on level 4 of the Dungeon.
You visited 1 branch of the dungeon, and saw 4 of its levels.

You collected 127 gold pieces.

Inventory:

Hand Weapons
 a - the +8 Vampire's Tooth (weapon) {vamp}
   (You found it on level 4 of the Dungeon)

   It occasionally heals its wielder for the full amount of damage dealt when it
   wounds a living foe.
 b - a +1 rapier
 l - a +1 dagger of draining
Missiles
 c - 106 stones
 e - 10 poisoned darts (quivered)
Armour
 d - a +0 robe (worn)
 f - a +0 pair of gloves (worn)
 h - a +0 leather armour
 j - a +0 hat of intelligence (worn)
Jewellery
 g - an amulet of the acrobat
 i - a ring of ice
Scrolls
 k - 2 scrolls of identify {unknown}


   Skills:
 + Level 2.2 Fighting
 + Level 0.4 Throwing
 - Level 2.0 Dodging
 - Level 2.0 Stealth
 + Level 3.2 Spellcasting
 * Level 4.2 Necromancy


You had 5 spell levels left.
You knew the following spells:

 Your Spells              Type           Power      Damage    Failure   Level
a - Necrotize             Necr           100%       1d9       2%          1
b - Vampiric Draining     Necr           28%        2d8       8%          3

Your spell library contained the following spells:

 Spells                   Type           Power      Damage    Failure   Level
 Animate Dead             Necr           28%        N/A       26%         4
 Agony                    Necr           28%        N/A       58%         5


Dungeon Overview and Level Annotations

Branches:
Dungeon (4/15)
 Temple: D:4-7

Altars:
Cheibriados
Hepliaklqana
Yredelemnul

Annotations:
D:3 Grinder


Innate Abilities, Weirdness & Mutations

You are immune to poison.
Your flesh is cold resistant. (rC+)
You are immune to negative energy. (rN+++)
You are immune to unholy pain and torment.
You are vulnerable to heat. (rF-)
You are in touch with the powers of death.
You do not drink.


Message History

The iguana bites you!
You closely miss the iguana. The iguana closely misses you.
You barely miss the iguana. You barely miss the iguana. The iguana bites you.
Casting: Necrotize (safe; 2% risk of failure)
Confirm with . or Enter, or press ? or * to list all spells.
Aiming: Necrotize (safe; 2% risk of failure)
Press: ? - help, Shift-Dir - straight line, f - iguana
Aim: an iguana (chance to affect: 88%)
You feel a surge of power!
The iguana writhes in agony.
The iguana bites you but does no damage.
Unknown command.
Casting: Necrotize (safe; 2% risk of failure)
Confirm with . or Enter, or press ? or * to list all spells.
Aiming: Necrotize (safe; 2% risk of failure)
Press: ? - help, Shift-Dir - straight line, f/p - iguana
Aim: an iguana (lightly wounded, chance to affect: 88%)
You feel a surge of power!
The iguana writhes in agony!
The iguana bites you!
* * * LOW HITPOINT WARNING * * *
Unknown command.
Casting: Necrotize (safe; 2% risk of failure)
Confirm with . or Enter, or press ? or * to list all spells.
Aiming: Necrotize (safe; 2% risk of failure)
Press: ? - help, Shift-Dir - straight line, f/p - iguana
Aim: an iguana (severely wounded, chance to affect: 88%)
You feel a surge of power!
The iguana writhes in agony.
The iguana barely misses you.
Unknown command.
Casting: Necrotize (safe; 2% risk of failure)
Confirm with . or Enter, or press ? or * to list all spells.
Aiming: Necrotize (safe; 2% risk of failure)
Press: ? - help, Shift-Dir - straight line, f/p - iguana
Aim: an iguana (almost dead, chance to affect: 88%)
You feel a surge of power!
The iguana barely resists.
The iguana closely misses you.
Unknown command.
You barely miss the iguana.
The iguana is almost dead.
The iguana bites you!
You die...

#.#..... #.#....
#.#...# .....#
#....# #....#
#.l..#
################@.#
.................>#
###################
#### ...# ##.# #.#
#.# #.#


You could see an iguana.

Vanquished Creatures
  An adder zombie (D:3)
  A dart slug (D:3)
  5 endoplasms
  7 giant cockroaches
  10 goblins
  8 hobgoblins
  4 jackals (D:1)
  3 quokkas
  2 ball pythons
  4 bats
  6 kobolds
  3 rats
54 creatures vanquished.

Vanquished Creatures (collateral kills)
  A giant cockroach (D:1)
  A jackal (D:1)
2 creatures vanquished.

Grand Total: 56 creatures vanquished

Notes
Turn   | Place    | Note
-------+----------+-------------------------------------------
     0 | D:1      | tilp the Mummy Necromancer began the quest for the Orb.
     0 | D:1      | Reached XP level 1. HP: 13/13 MP: 4/4
   266 | D:1      | Reached XP level 2. HP: 14/20 MP: 2/5
   845 | D:1      | Reached skill level 1 in Fighting
  1138 | D:1      | Gained mutation: You are in touch with the powers of death.
                  | [Mummy growth]
  1138 | D:1      | Reached XP level 3. HP: 18/26 MP: 4/7
  1250 | D:1      | Learned a level 3 spell: Vampiric Draining
  2416 | D:3      | Found a basalt altar of Yredelemnul.
  2804 | D:3      | Found a hazy altar of Hepliaklqana.
  2937 | D:3      | Found a snail-covered altar of Cheibriados.
  3004 | D:3      | Reached XP level 4. HP: 26/33 MP: 5/8
  3126 | D:3      | Noticed Grinder
  3467 | D:4      | Found the +8 Vampire's Tooth {vamp}
  3542 | D:4      | Mangled by an iguana

Illustrated notes

Levels and vault maps discovered:
D:1:      wheals_arrival_linesprint, layout_loops_ring,
          chequers_serial_rivers_small_a
D:2:      layout_basic
D:3:      layout_basic, nicolae_yredelemnul_corpse_copse,
          chequers_temple_overflow_statue_of_worship, uniq_grinder
D:4:      layout_basic, mainiacjoe_overflow_small_starburst, minivault_23

Skill      XL: |  1  2  3 |
---------------+----------+-----
Spellcasting   | 3 |  3.2
Stealth        | 2 |  2.0
Fighting       | 1 2 |  2.2
Dodging        | 2 |  2.0
Throwing       | |  0.4
Necromancy     | |  4.2

Action                   |  1- 3 |  4- 6 || total
-------------------------+-------+-------++-------
Melee: Dagger            |    15 |       ||    15
       Rapier            |    55 |     9 ||    64
       Punch             |     1 |       ||     1
       Quick blade       |       |     4 ||     4
 Cast: Necrotize         |    58 |     5 ||    63
  Use: Scroll            |     6 |     1 ||     7
 Stab: Sleeping          |    10 |     2 ||    12
Armor: Robe              |    22 |     3 ||    25
Dodge: Dodged            |    60 |     5 ||    65

Table legend: (Time is in decaauts)
 A = Elapsed time spent in this place.
 B = Non-inter-level travel time spent in this place.
 C = Inter-level travel time spent in this place.
 D = Time resting spent in this place.
 E = Time spent auto-exploring this place.
 F = Levels seen in this place.
 G = Mean time per level.
                   A        B        C        D        E       F      G
               +--------+--------+--------+--------+--------+-----+--------+
         Total |   3552 |   3361 |    191 |    312 |   2550 |   4 |  888.0 |
       Dungeon |   3552 |   3361 |    191 |    312 |   2550 |   4 |  888.0 |
               +--------+--------+--------+--------+--------+-----+--------+

Top non-repeatable levels by time:
     D:1: 1550 daAuts
     D:3: 1094 daAuts
     D:2: 805 daAuts
     D:4: 101 daAuts
